TOP OF THE 1ST |
Baffin Island Beavers batting - Pitching for Boston Rebels : RHP Martín Ramírez
|
Pitching: RHP Martín Ramírez
|
|
Batting: LHB Mario García
|
0-0: Ball 1-0: Foul Ball, location: 2F 1-1: Ball 2-1: Ground out U3 (Groundball, 3S)
|
Batting: LHB Jeff Cole
|
0-0: Swinging Strike 0-1: Swinging Strike 0-2: Strikes out swinging
|
Batting: RHB Tony Morton
|
0-0: Ball 1-0: Ground out U3 (Groundball, 3S)
|
Top of the 1st over - 0 run(s), 0 hit(s), 0 error(s), 0 left on base; Baffin Island 0 - Boston 0 |
BOTTOM OF THE 1ST |
Boston Rebels batting - Pitching for Baffin Island Beavers : RHP Thierry Garneau
|
Pitching: RHP Thierry Garneau
|
|
Batting: LHB Bill Wilson
|
0-0: Foul Ball, location: 2F 0-1: Foul Ball, location: 2F 0-2: Strikes out swinging
|
Batting: LHB Stanley Mullins
|
0-0: Ball 1-0: Fly out, F7 (Flyball, 7LM)
|
Batting: LHB Ricardo Brandariz
|
0-0: Called Strike 0-1: Fly out, F8 (Flyball, 8LD)
|
Bottom of the 1st over - 0 run(s), 0 hit(s), 0 error(s), 0 left on base; Baffin Island 0 - Boston 0 |
TOP OF THE 2ND |
Baffin Island Beavers batting - Pitching for Boston Rebels : RHP Martín Ramírez
|
Batting: LHB Lorenzo Villa
|
0-0: Called Strike 0-1: Ball 1-1: Ball 2-1: Called Strike 2-2: Ball 3-2: Base on Balls
|
Batting: RHB Dexter Potter
|
0-0: SINGLE (Groundball, 56D) Lorenzo Villa to second
|
Batting: LHB Keng-chi Lao
|
0-0: Ball 1-0: Swinging Strike 1-1: SINGLE (Groundball, 25) (infield hit) Lorenzo Villa to third Dexter Potter to second
|
Batting: RHB Dave Craig
|
0-0: Ball 1-0: Ball 2-0: Called Strike 2-1: Ball 3-1: Base on Balls Lorenzo Villa scores Dexter Potter to third Keng-chi Lao to second
|
Batting: LHB Joaquín González
|
0-0: Called Strike 0-1: Fly out, F6 (Line Drive, 6)
|
Batting: RHB Mario López
|
0-0: Ball 1-0: Ball 2-0: Ball 3-0: Called Strike 3-1: Base on Balls Dexter Potter scores Keng-chi Lao to third Dave Craig to second
|
Batting: LHB Mario García
|
0-0: Swinging Strike 0-1: Ball 1-1: Fly out, F9 (Flyball, 9LD) Runner from 3rd tags up, SCORES, no throw
|
Batting: LHB Jeff Cole
|
0-0: Ball 1-0: Ball 2-0: Ground out U3 (Groundball, 3)
|
Top of the 2nd over - 3 run(s), 2 hit(s), 0 error(s), 2 left on base; Baffin Island 3 - Boston 0 |
BOTTOM OF THE 2ND |
Boston Rebels batting - Pitching for Baffin Island Beavers : RHP Thierry Garneau
|
Batting: LHB Lorenzo Flores
|
0-0: SINGLE (Line Drive, 4M)
|
Batting: SHB Javier Villegas
|
0-0: Ball 1-0: 2-RUN HOME RUN (Line Drive, 8RXD), Distance : 418 ft
|
Batting: RHB Clancy Booker
|
0-0: Ball 1-0: Called Strike 1-1: Ball 2-1: Swinging Strike 2-2: Ball 3-2: Foul Ball, location: 2F 3-2: Fly out, F8 (Flyball, 8RM)
|
Batting: RHB Ronnie Brown
|
0-0: Fly out, F8 (Flyball, 8RS)
|
Batting: LHB Tony Ramírez
|
0-0: Called Strike 0-1: Foul Ball, location: 2F 0-2: Ball 1-2: Ball 2-2: Ball 3-2: Fly out, F7 (Flyball, 7M)
|
Bottom of the 2nd over - 2 run(s), 2 hit(s), 0 error(s), 0 left on base; Baffin Island 3 - Boston 2 |
TOP OF THE 3RD |
Baffin Island Beavers batting - Pitching for Boston Rebels : RHP Martín Ramírez
|
Batting: RHB Tony Morton
|
0-0: Foul Ball, location: 2F 0-1: Called Strike 0-2: Foul Ball, location: 2F 0-2: Ball 1-2: Ball 2-2: Ground out 1-3 (Groundball, 13)
|
Batting: LHB Lorenzo Villa
|
0-0: Ground out 3-1 (Groundball, 34)
|
Batting: RHB Dexter Potter
|
0-0: Ball 1-0: Ground out 5-3 (Groundball, 5S)
|
Top of the 3rd over - 0 run(s), 0 hit(s), 0 error(s), 0 left on base; Baffin Island 3 - Boston 2 |
BOTTOM OF THE 3RD |
Boston Rebels batting - Pitching for Baffin Island Beavers : RHP Thierry Garneau
|
Batting: RHB Rob Whitley
|
0-0: Called Strike 0-1: SINGLE (Groundball, 34)
|
Batting: LHB Bill Wilson
|
0-0: SINGLE (Line Drive, 9LM) Rob Whitley to second
|
Batting: LHB Stanley Mullins
|
0-0: Ball 1-0: Ball 2-0: Foul Ball, location: 2F 2-1: Foul Ball, location: 2F 2-2: Ball 3-2: SINGLE (Groundball, 4MD) Rob Whitley to third Bill Wilson to second
|
Batting: LHB Ricardo Brandariz
|
0-0: Fly out, F9 (Line Drive, 89M)
|
Batting: LHB Lorenzo Flores
|
0-0: Foul Ball, location: 2F 0-1: Foul Ball, location: 2F 0-2: Strikes out swinging
|
Batting: SHB Javier Villegas
|
0-0: Ball 1-0: Foul Ball, location: 2F 1-1: Called Strike 1-2: Strikes out looking
|
Bottom of the 3rd over - 0 run(s), 3 hit(s), 0 error(s), 3 left on base; Baffin Island 3 - Boston 2 |
TOP OF THE 4TH |
Baffin Island Beavers batting - Pitching for Boston Rebels : RHP Martín Ramírez
|
Batting: LHB Keng-chi Lao
|
0-0: Called Strike 0-1: Ball 1-1: Ball 2-1: Swinging Strike 2-2: Ball 3-2: Foul Ball, location: 2F 3-2: Foul Ball, location: 2F 3-2: Foul Ball, location: 2F 3-2: Foul Ball, location: 2F 3-2: Fly out, F7 (Flyball, 7S)
|
Batting: RHB Dave Craig
|
0-0: Called Strike 0-1: Ball 1-1: Ball 2-1: Ball 3-1: Called Strike 3-2: Ground out 5-3 (Groundball, 5L)
|
Batting: LHB Joaquín González
|
0-0: Ball 1-0: Fly out, F4 (Line Drive, 4)
|
Top of the 4th over - 0 run(s), 0 hit(s), 0 error(s), 0 left on base; Baffin Island 3 - Boston 2 |
BOTTOM OF THE 4TH |
Boston Rebels batting - Pitching for Baffin Island Beavers : RHP Thierry Garneau
|
Batting: RHB Clancy Booker
|
0-0: Ball 1-0: Fly out, F8 (Flyball, 8LS)
|
Batting: RHB Ronnie Brown
|
0-0: Ball 1-0: Called Strike 1-1: Ball 2-1: Fly out, F8 (Flyball, 8RXD)
|
Batting: LHB Tony Ramírez
|
0-0: Ball 1-0: SINGLE (Groundball, 3L)
|
Batting: RHB Rob Whitley
|
0-0: Ball 1-0: Called Strike 1-1: Fly out, F9 (Line Drive, 9D)
|
Bottom of the 4th over - 0 run(s), 1 hit(s), 0 error(s), 1 left on base; Baffin Island 3 - Boston 2 |
TOP OF THE 5TH |
Baffin Island Beavers batting - Pitching for Boston Rebels : RHP Martín Ramírez
|
Batting: RHB Mario López
|
0-0: Foul Ball, location: 2F 0-1: Foul Ball, location: 2F 0-2: Foul Ball, location: 2F 0-2: DOUBLE (Groundball, 5L)
|
Batting: LHB Mario García
|
0-0: Called Strike 0-1: Ball 1-1: SINGLE (Line Drive, 6MD) Mario López to third
|
Batting: LHB Jeff Cole
|
0-0: Ball Pickoff Throw to First - Out! 1-0: Foul Ball, location: 2F 1-1: Called Strike 1-2: Ball 2-2: SINGLE (Line Drive, 4MD) Mario López scores
|
Batting: RHB Tony Morton
|
0-0: Ball 1-0: Ground out 4-3 (Groundball, 13) Jeff Cole to second
|
Batting: LHB Lorenzo Villa
|
0-0: Ball 1-0: Foul Ball, location: 2F 1-1: Foul Ball, location: 2F 1-2: 2-RUN HOME RUN (Flyball, 9D), Distance : 407 ft
|
Batting: RHB Dexter Potter
|
0-0: Foul Ball, location: 2F 0-1: Ball 1-1: Ground out 4-3 (Groundball, 4)
|
Top of the 5th over - 3 run(s), 4 hit(s), 0 error(s), 0 left on base; Baffin Island 6 - Boston 2 |
BOTTOM OF THE 5TH |
Boston Rebels batting - Pitching for Baffin Island Beavers : RHP Thierry Garneau
|
Batting: LHB Bill Wilson
|
0-0: Ball 1-0: Called Strike 1-1: Fly out, F7 (Flyball, 6D)
|
Batting: LHB Stanley Mullins
|
0-0: Ball 1-0: Called Strike 1-1: Foul Ball, location: 2F 1-2: Fly out, F7 (Flyball, 78M)
|
Batting: LHB Ricardo Brandariz
|
0-0: Ground out 4-3 (Groundball, 34)
|
Bottom of the 5th over - 0 run(s), 0 hit(s), 0 error(s), 0 left on base; Baffin Island 6 - Boston 2 |
TOP OF THE 6TH |
Baffin Island Beavers batting - Pitching for Boston Rebels : RHP Martín Ramírez
|
Batting: LHB Keng-chi Lao
|
0-0: Foul Ball, location: 2F 0-1: SINGLE (Line Drive, 9S)
|
Batting: RHB Dave Craig
|
0-0: DOUBLE (Line Drive, 78XD) Keng-chi Lao to third Runner from 3rd tries for Home, SAFE, no throw or cutoff
|
Pitching: RHP Manuel Jimenen
|
|
Batting: LHB Joaquín González
|
0-0: Ball 1-0: Ball 2-0: Called Strike 2-1: Foul Ball, location: 2F 2-2: Ground out 1-3 (Groundball, 13S) Dave Craig to third
|
Batting: RHB Mario López
|
0-0: Called Strike 0-1: Fly out, F8 (Flyball, 8LXD) Runner from 3rd tags up, SCORES, no throw
|
Batting: LHB Mario García
|
0-0: Called Strike 0-1: Ball 1-1: Called Strike 1-2: Ball 2-2: DOUBLE (Line Drive, 9D)
|
Batting: LHB Jeff Cole
|
0-0: Called Strike 0-1: Called Strike 0-2: Strikes out swinging
|
Top of the 6th over - 2 run(s), 3 hit(s), 0 error(s), 1 left on base; Baffin Island 8 - Boston 2 |
BOTTOM OF THE 6TH |
Boston Rebels batting - Pitching for Baffin Island Beavers : RHP Thierry Garneau
|
Batting: LHB Lorenzo Flores
|
0-0: Ball 1-0: Called Strike 1-1: Foul Ball, location: 2F 1-2: SINGLE (Groundball, 34D)
|
Batting: SHB Javier Villegas
|
0-0: Ball 1-0: Ground out 1-3 (Groundball, 2L) Lorenzo Flores to second
|
Batting: RHB Clancy Booker
|
0-0: Ball 1-0: Ball 2-0: Ball 3-0: Called Strike 3-1: 2-RUN HOME RUN (Flyball, 7D), Distance : 397 ft
|
Batting: RHB Ronnie Brown
|
0-0: Ball 1-0: Ground out 5-3 (Groundball, 6)
|
Batting: LHB Tony Ramírez
|
0-0: Ball 1-0: Fly out, F7 (Popup, 6MD)
|
Bottom of the 6th over - 2 run(s), 2 hit(s), 0 error(s), 0 left on base; Baffin Island 8 - Boston 4 |
TOP OF THE 7TH |
Baffin Island Beavers batting - Pitching for Boston Rebels : RHP Manuel Jimenen
|
Batting: RHB Tony Morton
|
0-0: Fly out, F9 (Flyball, 9S)
|
Batting: LHB Lorenzo Villa
|
0-0: Called Strike 0-1: Called Strike 0-2: SINGLE (Groundball, 34D)
|
Batting: RHB Dexter Potter
|
0-0: Ball 1-0: Ball 2-0: Foul Ball, location: 2F 2-1: Foul Ball, location: 2F 2-2: Grounds into double play, 4-6-3 (Groundball, 6M)
|
Top of the 7th over - 0 run(s), 1 hit(s), 0 error(s), 0 left on base; Baffin Island 8 - Boston 4 |
BOTTOM OF THE 7TH |
Boston Rebels batting - Pitching for Baffin Island Beavers : RHP Thierry Garneau
|
Batting: RHB Rob Whitley
|
0-0: Called Strike 0-1: SINGLE (Line Drive, 4D)
|
Batting: LHB Bill Wilson
|
0-0: Ball 1-0: Ball 2-0: Foul Ball, location: 2F 2-1: Swinging Strike 2-2: Foul Ball, location: 2F 2-2: Ball 3-2: Base on Balls Rob Whitley to second
|
Batting: LHB Stanley Mullins
|
0-0: Foul Ball, location: 2F 0-1: SINGLE (Groundball, 4MD) Rob Whitley to third Bill Wilson to second
|
Batting: LHB Ricardo Brandariz
|
0-0: Swinging Strike 0-1: Ball 1-1: SINGLE (Groundball, 34) Rob Whitley scores Bill Wilson to third Stanley Mullins to second Runner from 3rd tries for Home, SAFE, no throw or cutoff
|
Batting: LHB Lorenzo Flores
|
0-0: Ball 1-0: Ball 2-0: Grounds into double play, 4-6-3 (Groundball, 4) Stanley Mullins to third
|
Batting: SHB Javier Villegas
|
0-0: Ball 1-0: Foul Ball, location: 2F 1-1: Foul Ball, location: 2F 1-2: Ball 2-2: Strikes out swinging
|
Bottom of the 7th over - 2 run(s), 3 hit(s), 0 error(s), 1 left on base; Baffin Island 8 - Boston 6 |
TOP OF THE 8TH |
Baffin Island Beavers batting - Pitching for Boston Rebels : RHP Manuel Jimenen
|
Pitching: RHP Alberto Bonilla
|
|
Batting: LHB Keng-chi Lao
|
0-0: SOLO HOME RUN (Flyball, 9D), Distance : 424 ft
|
Batting: RHB Dave Craig
|
0-0: Called Strike 0-1: Ball 1-1: Fly out, F9 (Flyball, 9M)
|
Batting: LHB Joaquín González
|
0-0: Called Strike 0-1: Ground out 4-3 (Groundball, 4)
|
Batting: RHB Mario López
|
0-0: Called Strike 0-1: Swinging Strike 0-2: Ball 1-2: Foul Ball, location: 2F 1-2: Strikes out swinging
|
Top of the 8th over - 1 run(s), 1 hit(s), 0 error(s), 0 left on base; Baffin Island 9 - Boston 6 |
BOTTOM OF THE 8TH |
Boston Rebels batting - Pitching for Baffin Island Beavers : RHP Thierry Garneau
|
Pitching: RHP António Ramos
|
|
Batting: RHB Clancy Booker
|
0-0: Foul Ball, location: 2F 0-1: Ball 1-1: Swinging Strike 1-2: Strikes out looking
|
Batting: RHB Ronnie Brown
|
0-0: Foul Ball, location: 2F 0-1: Ball 1-1: Ball 2-1: Ball 3-1: Ground out U3 (Groundball, 3S)
|
Batting: LHB Tony Ramírez
|
0-0: Swinging Strike 0-1: Ball 1-1: Foul Ball, location: 2F 1-2: Ball 2-2: Fly out, F7 (Flyball, 78M)
|
Bottom of the 8th over - 0 run(s), 0 hit(s), 0 error(s), 0 left on base; Baffin Island 9 - Boston 6 |
TOP OF THE 9TH |
Baffin Island Beavers batting - Pitching for Boston Rebels : RHP Alberto Bonilla
|
Batting: LHB Mario García
|
0-0: Ball 1-0: Called Strike 1-1: SINGLE (Line Drive, 6D)
|
Batting: LHB Jeff Cole
|
0-0: Bunted foul 0-1: Ball 1-1: Ball 2-1: Bunted foul 2-2: Fly out, F7 (Popup, 56D)
|
Batting: RHB Tony Morton
|
0-0: Called Strike 0-1: Swinging Strike 0-2: Ball 1-2: Foul Ball, location: 2F 1-2: Strikes out swinging
|
Pitching: RHP Carlos Ruíz
|
|
Batting: LHB Lorenzo Villa
|
0-0: Fly out, F5 (Popup, 15S)
|
Top of the 9th over - 0 run(s), 1 hit(s), 0 error(s), 1 left on base; Baffin Island 9 - Boston 6 |
BOTTOM OF THE 9TH |
Boston Rebels batting - Pitching for Baffin Island Beavers : RHP António Ramos
|
Pitching: RHP Bartolo García
|
|
Batting: RHB Rob Whitley
|
0-0: Ball 1-0: SINGLE (Groundball, 4MD)
|
Batting: LHB Bill Wilson
|
0-0: Foul Ball, location: 2F 0-1: DOUBLE (Line Drive, 9LM) Rob Whitley to third Runner from 3rd tries for Home, SAFE, throw made at trailing runner, SAFE at third!
|
Batting: LHB Stanley Mullins
|
0-0: Ball 1-0: SINGLE (Flyball, 78S) Bill Wilson scores
|
Batting: LHB Ricardo Brandariz
|
0-0: SINGLE (Groundball, 5D) Stanley Mullins to second
|
Batting: LHB Lorenzo Flores
|
0-0: Called Strike 0-1: Ball 1-1: Ball 2-1: Foul Ball, location: 2F 2-2: Ball 3-2: Base on Balls Stanley Mullins to third Ricardo Brandariz to second
|
Batting: SHB Javier Villegas
|
0-0: Swinging Strike 0-1: Foul Ball, location: 2F 0-2: Foul Ball, location: 2F 0-2: Ball 1-2: Ball 2-2: Strikes out swinging
|
Pinch Hitting: LHB Jeff Gordon
|
0-0: Fly out, F9 (Flyball, 89XD) Runner from 3rd tags up, SCORES, no throw
|
Pitching: RHP Luis Féliz
|
|
Batting: RHB Ronnie Brown
|
0-0: Swinging Strike 0-1: Ball 1-1: Ball 2-1: Fly out, F8 (Flyball, 8LD)
|
Bottom of the 9th over - 3 run(s), 4 hit(s), 0 error(s), 2 left on base; Baffin Island 9 - Boston 9 |
TOP OF THE 10TH |
Baffin Island Beavers batting - Pitching for Boston Rebels : RHP Carlos Ruíz
|
Pitching: RHP Tony Rocha
|
|
Now in RF: Jeff Gordon
|
|
Batting: RHB Dexter Potter
|
0-0: Ball 1-0: Ground out U3 (Groundball, 3L)
|
Batting: LHB Keng-chi Lao
|
0-0: Ball 1-0: Ball 2-0: Ground out 4-3 (Groundball, 34)
|
Batting: RHB Dave Craig
|
0-0: Ball 1-0: Foul Ball, location: 2F 1-1: Ball 2-1: Ground out 6-3 (Groundball, 56)
|
Top of the 10th over - 0 run(s), 0 hit(s), 0 error(s), 0 left on base; Baffin Island 9 - Boston 9 |
BOTTOM OF THE 10TH |
Boston Rebels batting - Pitching for Baffin Island Beavers : RHP Luis Féliz
|
Pitching: LHP José Bamuelos
|
|
Pinch Hitting: RHB Roberto Chávez
|
0-0: Ball 1-0: Ball 2-0: Called Strike 2-1: Fly out, F7 (Line Drive, 8LS)
|
Batting: RHB Rob Whitley
|
0-0: Called Strike 0-1: Ball 1-1: Called Strike 1-2: Ball 2-2: Ball 3-2: Strikes out swinging
|
Batting: LHB Bill Wilson
|
0-0: Ball 1-0: Swinging Strike 1-1: Swinging Strike 1-2: Ball 2-2: Ball 3-2: SINGLE (Line Drive, 34)
|
Batting: LHB Stanley Mullins
|
0-0: Ball 1-0: Called Strike 1-1: Ball 2-1: Foul Ball, location: 2F 2-2: Strikes out swinging
|
Bottom of the 10th over - 0 run(s), 1 hit(s), 0 error(s), 1 left on base; Baffin Island 9 - Boston 9 |
TOP OF THE 11TH |
Baffin Island Beavers batting - Pitching for Boston Rebels : RHP Tony Rocha
|
Now at 2B: Roberto Chávez
|
|
Pinch Hitting: LHB José Berroa
|
0-0: Ball 1-0: Ball 2-0: Ground out 4-3 (Groundball, 4)
|
Batting: RHB Mario López
|
0-0: Called Strike 0-1: Foul Ball, location: 2F 0-2: Strikes out swinging
|
Batting: LHB Mario García
|
0-0: Called Strike 0-1: Swinging Strike 0-2: Ball 1-2: Ball 2-2: Foul Ball, location: 2F 2-2: Fly out, F7 (Line Drive, 7LS)
|
Top of the 11th over - 0 run(s), 0 hit(s), 0 error(s), 0 left on base; Baffin Island 9 - Boston 9 |
BOTTOM OF THE 11TH |
Boston Rebels batting - Pitching for Baffin Island Beavers : LHP José Bamuelos
|
Now in LF: José Berroa
|
|
Batting: LHB Ricardo Brandariz
|
0-0: Ball 1-0: Called Strike 1-1: Foul Ball, location: 2F 1-2: Strikes out swinging
|
Batting: LHB Lorenzo Flores
|
0-0: SINGLE (Line Drive, 9LS)
|
Batting: SHB Javier Villegas
|
0-0: Called Strike 0-1: Ball 1-1: Swinging Strike 1-2: Foul Ball, location: 2F 1-2: Foul Ball, location: 2F 1-2: Ball 2-2: Strikes out swinging
|
Batting: LHB Jeff Gordon
|
0-0: Called Strike 0-1: Ground out 1-3 (Groundball, 13S)
|
Bottom of the 11th over - 0 run(s), 1 hit(s), 0 error(s), 1 left on base; Baffin Island 9 - Boston 9 |
TOP OF THE 12TH |
Baffin Island Beavers batting - Pitching for Boston Rebels : RHP Tony Rocha
|
Batting: LHB Jeff Cole
|
0-0: Ball 1-0: Foul Ball, location: 2F 1-1: Called Strike 1-2: Ball 2-2: Ball 3-2: Foul Ball, location: 2F 3-2: Foul Ball, location: 2F 3-2: SINGLE (Line Drive, 9S)
|
Batting: RHB Tony Morton
|
0-0: SINGLE (Line Drive, 6MD) Jeff Cole to second
|
Batting: LHB Lorenzo Villa
|
0-0: Ball 1-0: Swinging Strike 1-1: Ball 2-1: Called Strike 2-2: SINGLE (Groundball, 4MD) Jeff Cole to third Tony Morton to second Runner from 3rd tries for Home, throw and OUT!
|
Batting: RHB Dexter Potter
|
0-0: Ground out 5-3 (Groundball, 56S) Tony Morton to third Lorenzo Villa to second
|
Batting: LHB Keng-chi Lao
|
0-0: Ball 1-0: DOUBLE (Line Drive, 7LM) Tony Morton scores Lorenzo Villa scores
|
Batting: RHB Dave Craig
|
0-0: Called Strike 0-1: Swinging Strike 0-2: Strikes out swinging
|
Top of the 12th over - 2 run(s), 4 hit(s), 0 error(s), 1 left on base; Baffin Island 11 - Boston 9 |
BOTTOM OF THE 12TH |
Boston Rebels batting - Pitching for Baffin Island Beavers : LHP José Bamuelos
|
Batting: RHB Ronnie Brown
|
0-0: Fly out, F8 (Flyball, 8RM)
|
Batting: RHB Roberto Chávez
|
0-0: Fly out, F8 (Flyball, 8RXD)
|
Batting: RHB Rob Whitley
|
0-0: Called Strike 0-1: Fly out, F3 (Popup, 3F)
|
Bottom of the 12th over - 0 run(s), 0 hit(s), 0 error(s), 0 left on base; Baffin Island 11 - Boston 9 |
|